 Dungeon Crawl Stone Soup version 0.31-a0-1074-g0b22e4e0f1 (webtiles) character file.

Game seed: 11467393824323025548

682 freelancePsychic the Trooper (level 7, 0/50 (56) HPs)
             Began as a Demonspawn Warper on Dec 4, 2023.
             Was a Priest of Wu Jian.
             Slain by Duvessa
             ... wielding a +2 short sword of protection
              (3 damage)
             ... on level 7 of the Dungeon.
             The game lasted 00:08:07 (3639 turns).

freelancePsychic the Trooper (Demonspawn Warper)    Turns: 3639, Time: 00:08:08

HP:   0/50 (56)     AC:  8    Str: 11    XL:     7   Next: 34%
MP:   10/10         EV: 17    Int: 14    God:    Wu Jian [***...]
Gold: 123           SH:  0    Dex: 17    Spells: 10/10 levels left

rFire   . . .        j - +1 demon whip
rCold   . . .        (no shield)
rNeg    . . .        u - +0 steam dragon scales
rPois   .            i - +0 helmet
rElec   .            (no cloak)
rCorr   .            (no gloves)
SInv    .            g - +1 pair of boots
Will    .....        (no amulet)
Stlth   +++          k - +5 ring of evasion
HPRegen 0.28/turn    (no ring)
MPRegen 0.24/turn

%: no passive effects
@: heavily drained
A: claws 2, thin skeletal structure 1, magic regeneration
a: Renounce Religion, Wall Jump, Serpent's Lash


You were on level 7 of the Dungeon.
You worshipped Wu Jian.
Wu Jian was most pleased with you.
You visited 1 branch of the dungeon, and saw 6 of its levels.

You collected 123 gold pieces.

Inventory:

Hand Weapons
 a - a +0 falchion
 j - a +1 demon whip (weapon)
Missiles
 d - 7 darts of dispersal (quivered)
 e - 6 atropa-tipped darts
Armour
 b - a +0 leather armour
 g - a +1 pair of boots (worn)
 i - a +0 helmet (worn)
 u - +0 steam dragon scales (worn)
Jewellery
 k - a +5 ring of evasion (left claw)
 n - a +6 ring of strength
 r - a ring of magical power
Wands
 t - a wand of acid (3)
Scrolls
 c - a scroll of blinking
 f - a scroll of revelation
 o - a scroll of fear
 q - a scroll of vulnerability
 s - 2 scrolls of identify {@r1}
Potions
 l - a potion of enlightenment
 m - a potion of might
 p - 6 potions of curing {unknown}


   Skills:
 + Level 5.0 Fighting
 - Level 2.6 Long Blades
 - Level 3.9 Maces & Flails
 - Level 0.8 Throwing
 - Level 0.8 Armour
 - Level 1.7 Dodging
 * Level 3.4 Unarmed Combat
 - Level 2.0 Spellcasting
 - Level 2.6 Translocations


You had 10 spell levels left.
You didn't know any spells.
Your spell library contained the following spells:

 Spells                   Type           Power      Damage    Failure   Level
 Blink                    Tloc           16%        N/A       12%         2
 Lesser Beckoning         Tloc           16%        N/A       12%         2
 Teleport Other           Tloc           8%         N/A       24%         3
 Manifold Assault         Tloc           8%         N/A       61%         4
 Vhi's Electric Charge    Tloc/Air       10%        N/A       80%         4
 Summon Ice Beast         Ice/Summ       1%         N/A       93%         4
 Summon Forest            Summ/Tloc      2%         N/A       98%         5
 Summon Mana Viper        Hex/Summ       1%         N/A       100%        5
 Summon Cactus Giant      Summ           0%         N/A       100%        6
 Monstrous Menagerie      Summ           0%         N/A       100%        7


Dungeon Overview and Level Annotations

Branches:
Dungeon (8/15)
 Temple: D:4-7         Lair: D:8-11

Altars:
Fedhas
Hepliaklqana
Kikubaaqudgha
Okawaru
Uskayaw
Wu Jian
Xom

Shops:
D:7 :

Annotations:
D:7 exclusion: steam dragon, Dowan, Duvessa, Joseph
D:8 Amaemon


Innate Abilities, Weirdness & Mutations

You have very sharp fingernails.
You have a somewhat thin skeletal structure. (Dex +2, Stealth+)
You regenerate magic rapidly.


Message History

Joseph unwields a +2 sling of draining.
Joseph wields a +2 heavy quarterstaff.
Joseph barely misses you. Duvessa attacks as she pursues you!
Duvessa misses you. Dowan casts a spell at you. The puff of flame hits you.
The howler monkey barely misses you.
Joseph unwields a +2 heavy quarterstaff.
Joseph wields a +2 sling of draining.
You sense an unholy aura.
Joseph shoots a sling bullet.
The sling bullet barely misses you.
The sling bullet hits the howler monkey!!
Joseph drains the howler monkey.
The howler monkey dies!
Duvessa attacks as she pursues you! Duvessa hits you but does no damage.
Dowan points at you and mumbles some strange words.
The puff of flame hits you. Duvessa attacks as she pursues you!
Duvessa hits you with a +2 short sword of protection.
Joseph shouts, "Return immediately or I'll kill you!"
You see here a howler monkey corpse.
You closely miss Duvessa.
Duvessa is severely wounded.
Joseph shoots a sling bullet.
The sling bullet completely misses you.
A goblin comes into view. It is wielding a +3 hand axe.
The white imp shouts, "Scamper away, thou artless guts-griping clotpole!"
Duvessa attacks as she pursues you!
Duvessa hits you with a +2 short sword of protection.
The white imp gestures at you. The puff of frost misses you.
The goblin shouts!
Dowan gestures wildly while chanting.
Dowan blinks!
Joseph shoots a sling bullet.
The sling bullet hits you.
You feel drained. Duvessa attacks as she pursues you!
Duvessa hits you with a +2 short sword of protection.
Joseph shoots a sling bullet.
The sling bullet hits you.
You feel drained.
Joseph shoots a sling bullet.
The sling bullet hits you!!
* * * LOW HITPOINT WARNING * * *
You feel drained.
* * * LOW HITPOINT WARNING * * *
Duvessa attacks as she pursues you!
Duvessa hits you with a +2 short sword of protection.
You die...

######***** #....,,,,,*
#.≈≈~~~~~,** #.~#*,**~,,*
###.≈#,,,*~,,*
##..@~#,∩,*~,,*
##...e~#,,,*~,,*
#.....g#####~,,*
###########.....~~~~~≈~,,*
#......$..#...........,,,*
#
#.........#.........##**,*
#
#...>.....#....5......,,,*
#
#.........#†........###***
# #.......@.@.........# #


You could see Duvessa (drained), a white imp and a goblin.

Vanquished Creatures
  A steam dragon (D:7)
  A water moccasin (D:8)
  A centaur (D:4)
  A bullfrog (D:8)
  2 jellies (D:2)
  An orc priest (D:3)
  Natasha (D:2)
  An orc wizard (D:7)
  Robin (D:4)
  4 adders
  A white imp (D:7)
  2 dart slugs
  7 orcs
  8 ball pythons
  9 endoplasms
  4 giant cockroaches
  14 goblins
  12 hobgoblins
  3 jackals (D:2)
  A quokka (D:3)
  8 bats
  4 frilled lizards
  15 kobolds
  6 rats
108 creatures vanquished.

Vanquished Creatures (others)
  A howler monkey (D:7)
1 creature vanquished.

Grand Total: 109 creatures vanquished

Notes
Turn   | Place    | Note
-------+----------+-------------------------------------------
     0 | D:1      | freelancePsychic the Demonspawn Warper began the quest for
                  | the Orb.
     0 | D:1      | Reached XP level 1. HP: 16/16 MP: 3/3
   198 | D:1      | Gained mutation: You regenerate magic rapidly. [demonic
                  | ancestry]
   198 | D:1      | Reached XP level 2. HP: 22/22 MP: 5/5
   536 | D:1      | Found a faded altar of an unknown god.
   554 | D:1      | Prayed at the altar of an unknown god.
   554 | D:1      | Became a worshipper of the Wu Jian Council
   554 | D:1      | Reached * piety under Wu Jian
   920 | D:2      | Reached XP level 3. HP: 25/28 MP: 6/6
  1164 | D:2      | Reached skill level 1 in Maces & Flails
  1178 | D:2      | Noticed Natasha
  1184 | D:2      | Killed Natasha
  1189 | D:2      | Reached skill level 3 in Fighting
  1237 | D:2      | Gained mutation: You have sharp fingernails. [demonic
                  | ancestry]
  1237 | D:2      | Reached XP level 4. HP: 35/35 MP: 7/7
  1259 | D:2      | Reached ** piety under Wu Jian
  1420 | D:2      | Found a hide-covered altar of Uskayaw.
  1420 | D:2      | Found a blossoming altar of Fedhas.
  1420 | D:2      | Found an ornate altar of the Wu Jian Council.
  1420 | D:2      | Found a shimmering altar of Xom.
  1430 | D:2      | Gained mutation: You have a somewhat thin skeletal
                  | structure. (Dex +2, Stealth+) [demonic ancestry]
  1430 | D:2      | Reached XP level 5. HP: 22/41 MP: 8/8
  1881 | D:3      | Found an ancient bone altar of Kikubaaqudgha.
  2065 | D:3      | Found a faded altar of an unknown god.
  2632 | D:4      | Noticed a centaur
  2637 | D:4      | Killed a centaur
  2638 | D:4      | Reached skill level 4 in Fighting
  2638 | D:4      | Gained mutation: You have very sharp fingernails. [demonic
                  | ancestry]
  2638 | D:4      | Reached XP level 6. HP: 41/48 MP: 9/9
  2660 | D:4      | Found a shimmering altar of Xom.
  2662 | D:4      | Found a hazy altar of Hepliaklqana.
  2703 | D:4      | Found an ornate altar of the Wu Jian Council.
  2703 | D:4      | Found an iron altar of Okawaru.
  2731 | D:4      | Noticed Robin
  2771 | D:4      | Killed Robin
  2868 | D:4      | Reached *** piety under Wu Jian
  2977 | D:4      | You fall into a shaft and drop 3 floors!
  2980 | D:7      | Found Mirrimio's Book Shoppe.
  2983 | D:7      | Noticed a steam dragon
  3043 | D:7      | Killed a steam dragon
  3210 | D:7      | Noticed a sky beast
  3211 | D:7      | Noticed Duvessa
  3211 | D:7      | Noticed Dowan
  3229 | D:7      | Reached XP level 7. HP: 40/55 MP: 10/10
  3303 | D:7      | Noticed Joseph
  3305 | D:7      | HP: 1/53 [bullfrog (2)]
  3325 | D:8      | Noticed Amaemon
  3449 | D:8      | Reached skill level 5 in Fighting
  3639 | D:7      | Slain by Duvessa

Illustrated notes

Levels and vault maps discovered:
D:1:      roderic_crossed_star, layout_loops_ring,
          dreamdust_ecumenical_altar_grove
D:2:      cheibrodos_fertilizer, layout_rooms, roderic_serpentine_path,
          uniq_natasha
D:3:      cheibrodos_old_hovel, layout_basic, nicolae_overflow_ecumenical_swirl,
          kiku_gazebo_garden_becter
D:4:      layout_basic, nicolae_overflow_hallway_of_the_gods, uniq_robin
D:7:      layout_rooms, nicolae_ashenzari_panopticon, serial_shops,
          nicolae_shop_tiny_statue_garden, enter_bailey_3,
          chequers_serial_rivers_large_a, uniq_duvessa, uniq_joseph,
          uniq_crazy_yiuf_cottage
D:8:      nicolae_cairo_tiling_very_big, layout_cave_pods,
          nicolae_yredelemnul_corpse_copse, uniq_amaemon, uniq_maggie

Skill      XL: |  1  2  3  4  5  6  7 |
---------------+----------------------+-----
Long Blades    | 2 |  2.6
Maces & Flails | 1 2 3 |  3.9
Fighting       | 3 4 5 |  5.0
Unarmed Combat | 2 3 |  3.4
Throwing       | |  0.8
Armour         | |  0.8
Dodging        | |  1.7
Spellcasting   | |  2.0
Translocations | |  2.6

Action                     |  1- 3 |  4- 6 |  7- 9 || total
---------------------------+-------+-------+-------++-------
  Melee: Falchion          |    89 |       |       ||    89
         Demon whip        |    47 |   195 |    41 ||   283
         Punch             |     1 |     3 |       ||     4
 Invoke: Serpent's Lash    |       |       |     1 ||     1
Ability: Lunge             |     7 |    20 |       ||    27
         Whirlwind         |    11 |    15 |    11 ||    37
    Use: Scroll            |     1 |     8 |     3 ||    12
         Potion            |       |     1 |     1 ||     2
   Stab: Sleeping          |       |     8 |       ||     8
 Armour: Leather armour    |    87 |    78 |     7 ||   172
         Steam dragon scal |       |       |    38 ||    38
  Dodge: Dodged            |   108 |   118 |    60 ||   286

Table legend: (Time is in decaauts)
 A = Elapsed time spent in this place.
 B = Non-inter-level travel time spent in this place.
 C = Inter-level travel time spent in this place.
 D = Time resting spent in this place.
 E = Time spent auto-exploring this place.
 F = Levels seen in this place.
 G = Mean time per level.
                   A        B        C        D        E       F      G
               +--------+--------+--------+--------+--------+-----+--------+
         Total |   3648 |   3501 |    147 |    272 |   2401 |   6 |  608.0 |
       Dungeon |   3648 |   3501 |    147 |    272 |   2401 |   6 |  608.0 |
               +--------+--------+--------+--------+--------+-----+--------+

Top non-repeatable levels by time:
     D:3: 870 daAuts
     D:2: 857 daAuts
     D:1: 853 daAuts
     D:4: 405 daAuts
     D:7: 366 daAuts
     D:8: 294 daAuts
